 Dungeon Crawl Stone Soup version 0.30-a0-34-gbe8da3892a (webtiles) character file.

Game seed: 13429881812549121660

378 ytrimaz the Changer (level 6, -3/38 HPs)
             Began as an Octopode Transmuter on Aug 28, 2022.
             Slain by a gnoll bouda
             ... wielding a +0 whip
              (5 damage)
             ... on level 4 of the Dungeon.
             The game lasted 00:05:50 (4328 turns).

ytrimaz the Changer (Octopode Transmuter)           Turns: 4328, Time: 00:05:52

Health: -3/38      AC:  6    Str:  9    XL:     6   Next: 74%
Magic:  5/10       EV: 19    Int: 18    God:
Gold:   254        SH:  0    Dex: 17    Spells: 1/11 levels left

rFire   . . .      SeeInvis .      - Unarmed
rCold   . . .      Faith    .    (shield currently unavailable)
rNeg    . . .      Spirit   .    (helmet currently unavailable)
rPois   x          Reflect  .    b - amulet of the acrobat
rElec   .          Harm     .    f - +4 ring of protection
rCorr   .          Rampage  .    (no ring)
Will    .....                    (no ring)
Stlth   ++........               (no ring)
HPRegen 0.12/turn                (no ring)
MPRegen 0.12/turn                (no ring)
                                 (no ring)
                                 (no ring)

@: spider-form
A: venomous fangs, almost no armour, (amphibious), 8 rings, tiny, (camouflage
1), (gelatinous body 1), (nimble swimmer 1), (tentacles)
a: End Transformation


You were on level 4 of the Dungeon.
You were a venomous arachnid creature.
You visited 1 branch of the dungeon, and saw 4 of its levels.
You also visited: Sewer.

You collected 254 gold pieces.

Inventory:

Jewellery
 b - an amulet of the acrobat (around neck)
 d - an amulet of reflection
 f - a +4 ring of protection (left front leg)
 n - a ring of see invisible
Scrolls
 c - a scroll of butterflies
 e - a scroll of enchant weapon
 g - a scroll of immolation
 h - 2 scrolls of teleportation
 l - a scroll of enchant armour
Potions
 a - a potion of curing {unknown}
 j - 5 potions of flight
 k - a potion of haste {unknown}
Miscellaneous
 m - a condenser vane


   Skills:
 - Level 1.0 Fighting
 - Level 2.0 Dodging
 - Level 4.0 Unarmed Combat
 + Level 3.1 Spellcasting
 - Level 4.4 Transmutations
 * Level 0.0 Ice Magic
 - Level 4.0 Poison Magic


You had one spell level left.
You knew the following spells:

 Your Spells              Type           Power      Damage    Failure   Level
a - Beastly Appendage     Tmut           36%        N/A       10%         1
b - Wereblood             Tmut           18%        N/A       12%         2
c - Spider Form           Tmut/Pois      18%        N/A       22%         3
d - Ice Form              Ice/Tmut       10%        N/A       75%         4

Your spell library contained the following spells:

 Spells                   Type           Power      Damage    Failure   Level
 Foxfire                  Conj/Fire      8%         2x1d4     34%         1
 Sublimation of Blood     Necr           2%         N/A       45%         2
 Conjure Flame            Conj/Fire      2%         6-21      65%         3
 Inner Flame              Hex/Fire       2%         N/A       65%         3
 Petrify                  Tmut/Erth      10%        N/A       75%         4
 Flame Wave               Conj/Fire      2%         2d4       95%         4
 Irradiate                Conj/Tmut      5%         3d13      96%         5


Dungeon Overview and Level Annotations

Branches:
Dungeon (4/15)              Sewer (visited)
 Temple: D:4-7

Altars:
Nemelex Xobeh
Sif Muna


Innate Abilities, Weirdness & Mutations

You are a venomous arachnid creature.
You have poisonous fangs.
You are tiny and dextrous.
Your spellcasting is less reliable in this form.
Your armour is entirely melded.
You are incapable of wielding weapons or throwing items.
You cannot wear most types of armour.
((You are amphibious.))
You can wear up to eight rings at the same time.
((Your skin changes colour to match your surroundings (Stealth+).))
((Your rubbery body absorbs attacks. (AC +1, EV +1)))
((You are camouflaged when in or above water. (Stealth+)))
((You have tentacles for arms and can constrict up to eight enemies at once.))


Message History

The gnoll bouda barks out a call to the hunt!
The gnoll shoots a sling bullet.
The sling bullet misses you. The gnoll barely misses you.
You hit the gnoll bouda but do no damage.
The gnoll bouda is poisoned.
The gnoll bouda is lightly wounded.
The gnoll bouda barely misses you.
You hit the gnoll bouda but do no damage.
The gnoll bouda looks as sick as possible!
The gnoll bouda is moderately wounded.
The gnoll completely misses you.
The gnoll shoots a sling bullet.
The sling bullet closely misses you.
A gnoll comes into view. It is wielding a +0 spear.
The gnoll bouda hits you with a +0 whip.
The gnoll attacks as you move away! The gnoll completely misses you. x2
The gnoll unwields a +0 sling.
The gnoll wields a +0 halberd.
The gnoll misses you. The gnoll bouda completely misses you.
The gnoll completely misses you.
You hit the gnoll.
The gnoll is poisoned.
The gnoll is heavily wounded.
The gnoll hits you from afar with a +0 spear.
The gnoll bouda barely misses you. The gnoll closely misses you.
The gnoll misses you.
You hit the gnoll but do no damage.
The gnoll looks as sick as possible!
The gnoll is severely wounded.
The gnoll hits you from afar with a +0 spear!
The gnoll bouda hits you with a +0 whip!
* * * LOW HITPOINT WARNING * * *
The gnoll misses you.
A dart slug comes into view.
The gnoll hits you with a +0 club.
* * * LOW HITPOINT WARNING * * *
Your magical contamination has completely faded away.
The air fills with toxic fumes!
As you read the scroll labelled UGYSI TOABATO, it crumbles to dust.
It was a scroll of poison.
You kill the gnoll!
The gnoll misses you.
The gnoll bouda hits you with a +0 whip.
You die...

#.######. #.# #.
#.# ## # #.# #.
#.# #.####### #.#
#§ #.§§§§§###.#
#§w###g§§§§§§..#
#g)sg#.....###
##§#§#..........#
§§§.§#.....####.#
#§##§#§##...## #
#§.§###### #####


You could see a gnoll bouda (very poisoned), 2 gnolls and a dart slug.

Vanquished Creatures
  Eustachio (D:4)
  An orc wizard (D:3)
  A merfolk siren (Sewer)
  A merfolk avatar (Sewer)
  4 gnolls
  4 adders
  3 orcs (D:3)
  4 bats
  8 endoplasms
  2 giant cockroaches
  3 goblins
  3 hobgoblins
  4 jackals
  7 kobolds
  5 quokkas
  12 ball pythons
  9 frilled lizards
  29 rats
101 creatures vanquished.

Notes
Turn   | Place    | Note
-------+----------+-------------------------------------------
     0 | D:1      | ytrimaz the Octopode Transmuter began the quest for the
                  | Orb.
     0 | D:1      | Reached XP level 1. HP: 13/13 MP: 3/3
   216 | D:1      | Reached XP level 2. HP: 9/18 MP: 3/5
  1321 | D:1      | Reached XP level 3. HP: 23/23 MP: 4/6
  1324 | D:1      | Learned a level 2 spell: Wereblood
  1328 | D:1      | Learned a level 3 spell: Spider Form
  1889 | D:2      | Reached skill level 1 in Poison Magic
  2333 | D:3      | Found a faded altar of an unknown god.
  2345 | D:3      | Reached XP level 4. HP: 28/28 MP: 7/7
  2884 | D:3      | Found a glowing drain.
  2892 | Sewer    | Entered a sewer
  2985 | Sewer    | Reached XP level 5. HP: 33/33 MP: 6/8
  3128 | Sewer    | Noticed a malarious merfolk avatar
  3146 | Sewer    | Killed a malarious merfolk avatar
  3563 | D:3      | Reached XP level 6. HP: 36/38 MP: 9/9
  3669 | D:3      | Found a sparkling altar of Nemelex Xobeh.
  4106 | D:4      | Noticed Eustachio
  4132 | D:4      | Killed Eustachio
  4140 | D:4      | Learned a level 4 spell: Ice Form
  4319 | D:4      | Found a shimmering blue altar of Sif Muna.
  4328 | D:4      | Slain by a gnoll bouda

Illustrated notes

Levels and vault maps discovered:
D:1:      dpeg_arrival_stonehenge_8_columns, layout_basic, minmay_tromino_i4
D:2:      layout_rooms, grunt_decor_cap
D:3:      layout_loops_ring, nemelex_diamond_rough_becter,
          nicolae_ecumenical_pavilion, gup_sewer_entry_spiral
D:4:      layout_loops_ring, lemuel_crystal_altar, general_overflow_altar,
          uniq_eustachio, uniq_crazy_yiuf_cottage

Skill      XL: |  1  2  3  4  5  6 |
---------------+-------------------+-----
Unarmed Combat | 4 |  4.0
Poison Magic   | 1 2 4 |  4.0
Transmutations | 3 4 |  4.4
Spellcasting   | 3 |  3.1
Fighting       | |  1.0
Dodging        | |  2.0

Action                   |  1- 3 |  4- 6 || total
-------------------------+-------+-------++-------
Melee: Unarmed           |    81 |   135 ||   216
       Kick              |    19 |    12 ||    31
       Constrict         |    18 |    22 ||    40
       Tentacles         |     8 |     9 ||    17
       Punch             |     2 |     1 ||     3
 Cast: Beastly Appendage |    29 |    19 ||    48
       Spider Form       |       |     7 ||     7
       Wereblood         |       |     3 ||     3
  Use: Scroll            |     7 |     3 ||    10
       Potion            |       |     2 ||     2
 Stab: Sleeping          |     6 |     5 ||    11
Armor: Skin              |    15 |    28 ||    43
Dodge: Dodged            |    71 |   135 ||   206

Table legend: (Time is in decaauts)
 A = Elapsed time spent in this place.
 B = Non-inter-level travel time spent in this place.
 C = Inter-level travel time spent in this place.
 D = Time resting spent in this place.
 E = Time spent auto-exploring this place.
 F = Levels seen in this place.
 G = Mean time per level.
                   A        B        C        D        E       F      G
               +--------+--------+--------+--------+--------+-----+--------+
         Total |   4327 |   4249 |     78 |    333 |   3031 |   5 |  865.4 |
       Dungeon |   3731 |   3653 |     78 |    287 |   2711 |   4 |  932.8 |
         Sewer |    596 |    596 |      0 |     46 |    320 |   1 |  596.0 |
               +--------+--------+--------+--------+--------+-----+--------+

Top non-repeatable levels by time:
     D:1: 1438 daAuts
     D:3: 1181 daAuts
     D:2: 888 daAuts
   Sewer: 596 daAuts
     D:4: 222 daAuts
